 Dungeon Crawl Stone Soup version 0.30-a0-591-g3c58d2bc28 (webtiles) character file.

Game seed: 18262554374347022849

2850 Pooter the Cleaver (level 9, -2/81 HPs)
             Began as a Minotaur Berserker on Jan 5, 2023.
             Was an Elder of Trog.
             Slain by a gnoll
             ... wielding a +0 halberd
              (10 damage)
             ... in a bailey on Jan 6, 2023.
             The game lasted 00:25:58 (5571 turns).

Pooter the Cleaver (Minotaur Berserker)             Turns: 5571, Time: 00:25:59

Health: -2/81      AC:  6    Str: 27    XL:     9   Next: 46%
Magic:  8/8        EV: 11    Int: 10    God:    Trog [****..]
Gold:   6          SH:  0    Dex: 15    Spells: 8/8 levels left

rFire   . . .      SeeInvis .    a - +3 war axe (spect)
rCold   . . .      Faith    .    (no shield)
rNeg    + . .      Spirit   .    d - +2 ring mail {rN+}
rPois   .          Reflect  .    x - -1 hat of the Wilderness {Int+6 Stlth+}
rElec   .          Harm     .    (no cloak)
rCorr   .          Rampage  .    (no gloves)
Will    .....                    (no boots)
Stlth   ++++                     (no amulet)
HPRegen 0.33/turn                f - +6 ring of dexterity
MPRegen 0.11/turn                (no ring)

@: on berserk cooldown, slowed, very slow
A: horns 2, retaliatory headbutt
a: Renounce Religion, Berserk, Trog's Hand, Brothers in Arms


You were in a bailey.
You worshipped Trog.
Trog was greatly pleased with you.
You visited 1 branch of the dungeon, and saw 7 of its levels.
You also visited: Bailey.

You collected 238 gold pieces.
You spent 232 gold pieces at shops.

Inventory:

Hand Weapons
 a - a +3 spectral war axe (weapon)
   (You found it on level 3 of the Dungeon)
 b - a +0 sling
   (You found it on level 4 of the Dungeon)
 e - a +0 trident
   (You took it off an orc on level 3 of the Dungeon)
 o - a +4 heavy spear
   (You found it on level 7 of the Dungeon)
Missiles
 g - 2 silver javelins (quivered)
 n - 20 poisoned darts
 u - 3 boomerangs
 A - an atropa-tipped dart
 Q - 51 stones
Armour
 d - a +2 ring mail of positive energy (worn)
   (You took it off Terence on level 3 of the Dungeon)
 q - a +0 chain mail
   (You found it on level 3 of the Dungeon)
 x - the -1 hat of the Wilderness (worn) {Int+6 Stlth+}
   (You found it on level 4 of the Dungeon)

   Int:       It affects your intelligence (+6).
   Stlth:     It makes you more stealthy.
Jewellery
 f - a +6 ring of dexterity (left hand)
   (You found it on level 1 of the Dungeon)
Wands
 D - a wand of charming (10)
   (You found it on level 6 of the Dungeon)
Scrolls
 c - 3 scrolls of vulnerability {!r}
 k - a scroll of fog
 l - 3 scrolls of immolation {!r}
 p - a scroll of amnesia {unknown}
 t - 2 scrolls of teleportation {@r4}
 z - 2 scrolls of fear
Potions
 h - 5 potions of curing {@q1}
 i - a potion of berserk rage {unknown}
 j - 3 potions of cancellation {unknown}
 m - a potion of degeneration {unknown}
 r - 2 potions of flight {unknown}
 s - 2 potions of might
 v - 3 potions of mutation {!q}
 w - a potion of experience {unknown}
 y - a potion of invisibility {unknown}
 B - a potion of heal wounds {unknown}
 C - a potion of attraction {!q}


   Skills:
 + Level 7.8 Fighting
 * Level 10.5 Axes
 * Level 1.2 Ranged Weapons
 - Level 2.4 Armour
 - Level 2.1 Dodging
 + Level 7.4 Stealth
 + Level 0.4 Evocations


You had 8 spell levels left.
You didn't know any spells.
Your spell library was empty.

Dungeon Overview and Level Annotations

Branches:
Dungeon (7/15)             Temple (0/1) D:4          Bailey (1/1)

Altars:
Trog

Shops:
D:2 :   D:6 !   D:7 *


Innate Abilities, Weirdness & Mutations

You have a pair of horns on your head.
You reflexively headbutt those who attack you in melee.


Message History

You become entangled in the net!
A gnoll bouda comes into view. It is wielding a +0 trident.
You cannot throw/fire anything while held in a net.
b - a +0 sling (weapon)
The gnoll bouda barks out a call to the hunt!
The gnolls pick up the pace!
Do you really want to go berserk while wielding your +0 sling? [Y]es or [N]o only, please.
Do you really want to go berserk while wielding your +0 sling?
Okay, then.
You feel a bond with your +3 spectral war axe.
a - a +3 spectral war axe (weapon)
A red film seems to cover your vision as you go berserk!
You feel yourself moving faster!
You feel mighty! The gnoll barely misses you.
You tear a large gash into the net.
You feel a strong urge to attack something.
The gnoll hits you from afar with a +0 halberd.
The gnoll hits you but does no damage. The gnoll barely misses you.
You shred the net and break free! The gnoll closely misses you.
You feel your anger nearly subside.
You are no longer berserk.
You are exhausted.
You feel yourself slow down. The gnoll barely misses you.
The gnoll closely misses you.
There is an open door here.
You hit the gnoll but do no damage. You slash the gnoll! You hit the gnoll.
The gnoll hits you with a +0 halberd. The gnoll closely misses you.
The gnoll sergeant hits you from afar with a +0 halberd.
The gnoll misses you. The gnoll barely misses you.
The gnoll hits you but does no damage.
The gnoll hits you from afar with a +0 trident.
The gnoll sergeant hits you from afar with a +0 halberd!
The gnoll closely misses you. The gnoll hits you with a +0 spear!
You hit the gnoll but do no damage. You slash the gnoll!
You kill the gnoll!
Trog accepts your kill.
You hit the gnoll. The gnoll hits you with a +0 halberd.
The gnoll sergeant barely misses you.
The gnoll hits you from afar with a +0 trident.
* * * LOW HITPOINT WARNING * * *
The gnoll misses you.
The gnoll sergeant hits you from afar with a +0 halberd.
* * * LOW HITPOINT WARNING * * *
You slash the gnoll! You barely miss the gnoll. The gnoll closely misses you.
The gnoll sergeant hits you from afar with a +0 halberd!
* * * LOW HITPOINT WARNING * * *
The gnoll closely misses you.
The gnoll sergeant hits you from afar with a +0 halberd!
* * * LOW HITPOINT WARNING * * *
The gnoll hits you with a +0 halberd!
You die...

#..≈.♣ #..≈.♣♣ #..≈..♣
#### #..≈..♣ ##...#
#..≈..♣♣
#.....######..≈...♣♣
...$.g)#...'....)).♣♣♣#
...8ggg@.).'.....†∩..∩#
...$.gg#...'.....†.♣♣♣#
#(....######..≈...♣♣
##...# #..≈...♣ ####
#..≈...♣ #..≈..♣♣
#..≈.♣♣ #..≈.♣


You could see 2 gnoll sergeants, a gnoll bouda and 3 gnolls.

Vanquished Creatures
  Pikel (D:5)
  Edmund (D:5)
  Menkaure (D:6)
  2 sky beasts (D:6)
  2 ogres
  2 ice beasts (D:5)
  A black bear (D:6)
  2 phantoms
  2 lemures (D:5)
  Blork the orc (D:5)
  A bullfrog (D:6)
  2 necrophages
  A scorpion (D:4)
  5 wights (D:6)
  4 howler monkeys
  An orc priest (D:3)
  5 hounds
  A jelly (D:6)
  3 iguanas
  Jessica (D:2)
  Terence (D:3)
  2 orc wizards (D:6)
  Robin (D:2)
  4 gnolls (Bailey)
  8 adders
  A white imp (D:6)
  An ufetubus (D:4)
  4 worms
  3 dart slugs
  21 orcs
  4 endoplasms
  3 giant cockroaches
  13 goblins
  8 hobgoblins
  7 jackals
  7 kobolds
  4 quokkas
  4 ball pythons
  6 bats
  2 frilled lizards (D:3)
  9 rats
152 creatures vanquished.

Notes
Turn   | Place    | Note
-------+----------+-------------------------------------------
     0 | D:1      | Pooter the Minotaur Berserker began the quest for the Orb.
     0 | D:1      | Reached XP level 1. HP: 19/19 MP: 0/0
   271 | D:1      | Reached XP level 2. HP: 23/27 MP: 1/1
   417 | D:1      | Reached skill level 4 in Axes
   418 | D:1      | Reached skill level 1 in Stealth
   758 | D:2      | Reached XP level 3. HP: 33/33 MP: 2/2
   758 | D:2      | Noticed Robin
   768 | D:2      | Killed Robin
   772 | D:2      | Reached ** piety under Trog
   915 | D:2      | Found a faded altar of an unknown god.
  1259 | D:2      | Reached XP level 4. HP: 32/40 MP: 3/3
  1383 | D:2      | Noticed Jessica
  1392 | D:2      | Killed Jessica
  1483 | D:2      | Found Tockiv's Book Boutique.
  1604 | D:3      | Reached skill level 5 in Axes
  1964 | D:3      | Reached XP level 5. HP: 47/47 MP: 4/4
  2125 | D:3      | Reached *** piety under Trog
  2393 | D:3      | Noticed Terence
  2395 | D:3      | Killed Terence
  2554 | D:4      | Identified the -1 hat of the Wilderness {Int+6 Stlth+}
  2585 | D:4      | Reached XP level 6. HP: 55/55 MP: 5/5
  2671 | D:4      | Reached skill level 5 in Fighting
  2671 | D:4      | Reached skill level 6 in Axes
  2820 | D:4      | Noticed a moth of wrath
  2822 | D:4      | Found a bloodstained altar of Trog.
  2839 | D:4      | Identified the +6 short sword "Giedenib" {freeze, rC- rCorr
                  | Int+4}
  2877 | D:4      | Found a staircase to the Ecumenical Temple.
  2888 | D:4      | Reached XP level 7. HP: 55/61 MP: 6/6
  3050 | D:5      | Entered Level 5 of the Dungeon
  3100 | D:5      | Noticed Blork the orc
  3107 | D:5      | Killed Blork the orc
  3169 | D:5      | Reached skill level 7 in Axes
  3240 | D:5      | Reached skill level 5 in Stealth
  3380 | D:5      | Noticed Edmund
  3396 | D:5      | Killed Edmund
  3397 | D:5      | Reached skill level 8 in Axes
  3397 | D:5      | Reached XP level 8. HP: 41/70 MP: 7/7
  3681 | D:5      | Noticed Pikel
  3689 | D:5      | Killed Pikel
  3690 | D:5      | Reached skill level 9 in Axes
  4247 | D:6      | Reached XP level 9. HP: 79/79 MP: 8/8
  4618 | D:6      | Noticed Menkaure
  4623 | D:6      | HP: 2/79 [Menkaure (19)]
  4627 | D:6      | Killed Menkaure
  4628 | D:6      | Reached skill level 10 in Axes
  5140 | D:6      | Found Sonoepegg's Distillery.
  5145 | D:6      | Bought a potion of curing for 36 gold pieces
  5145 | D:6      | Bought a potion of mutation for 96 gold pieces
  5145 | D:6      | Bought a potion of might for 48 gold pieces
  5145 | D:6      | Bought a potion of attraction for 36 gold pieces
  5474 | D:7      | Found a flagged portal.
  5479 | D:7      | Found Liqeops's Assorted Antiques.
  5488 | D:7      | Bought a viscous amethyst potion for 16 gold pieces
  5497 | Bailey   | Entered a bailey
  5504 | Bailey   | Reached skill level 1 in Ranged Weapons
  5506 | Bailey   | Reached **** piety under Trog
  5571 | Bailey   | Slain by a gnoll

Illustrated notes

Levels and vault maps discovered:
D:1:      ncdulo_watergridlock, layout_basic, nrook_mini_backslash
D:2:      layout_loops_ring, serial_shops, nicolae_shop_crystal,
          hellmonk_ecumenical_altar_blasted, uniq_jessica, uniq_robin
D:3:      layout_loops_cross, nicolae_elevator_lobby_plus, uniq_terence
D:4:      layout_basic, tgw_trog, minmay_temple_entry_large_hall,
          minmay_misc_feat_alley
D:5:      layout_basic, uniq_edmund, uniq_blork_the_orc, uniq_pikel
D:6:      layout_loops_ring, serial_shops, nicolae_shop_hallway_plus,
          uniq_menkaure
D:7:      layout_basic, enter_bailey_2, serial_shops, shop
Bailey:   bailey_polearm_gnolls_kennysheep, bailey

Skill      XL: |  1  2  3  4  5  6  7  8  9 |
---------------+----------------------------+-----
Axes           | 4 5 6 8 9 10 | 10.5
Stealth        | 1 2 3 4 5 6 7 |  7.4
Fighting       | 4 5 6 7 |  7.8
Ranged Weapons | 1 |  1.2
Armour         | |  2.4
Dodging        | |  2.1
Evocations     | |  0.4

Action                   |  1- 3 |  4- 6 |  7- 9 || total
-------------------------+-------+-------+-------++-------
Melee: Hand axe          |    65 |    25 |       ||    90
       Headbutt          |     7 |    13 |    13 ||    33
       Punch             |     2 |     1 |       ||     3
       War axe           |       |    66 |    84 ||   150
 Fire: Sling             |       |       |    16 ||    16
Throw: Dart              |       |     6 |     3 ||     9
       Javelin           |       |       |     7 ||     7
Invok: Berserk           |     2 |     2 |     8 ||    12
       Trog's Hand       |       |       |     1 ||     1
  Use: Scroll            |     3 |     1 |     5 ||     9
 Stab: Sleeping          |     4 |     3 |     9 ||    16
       Distracted        |       |       |     2 ||     2
Armor: Animal skin       |    13 |     2 |       ||    15
       Chain mail        |       |    20 |       ||    20
       Ring mail         |       |     8 |    21 ||    29
Dodge: Dodged            |    42 |    45 |    47 ||   134

Table legend: (Time is in decaauts)
 A = Elapsed time spent in this place.
 B = Non-inter-level travel time spent in this place.
 C = Inter-level travel time spent in this place.
 D = Time resting spent in this place.
 E = Time spent auto-exploring this place.
 F = Levels seen in this place.
 G = Mean time per level.
                   A        B        C        D        E       F      G
               +--------+--------+--------+--------+--------+-----+--------+
         Total |   5694 |   5578 |    116 |   1378 |   3210 |   8 |  711.8 |
       Dungeon |   5613 |   5497 |    116 |   1326 |   3210 |   7 |  801.9 |
        Bailey |     81 |     81 |      0 |     51 |      0 |   1 |   81.0 |
               +--------+--------+--------+--------+--------+-----+--------+

Top non-repeatable levels by time:
     D:6: 1365 daAuts
     D:5: 1113 daAuts
     D:3: 981 daAuts
     D:2: 856 daAuts
     D:1: 763 daAuts
     D:4: 502 daAuts
  Bailey: 81 daAuts
     D:7: 30 daAuts
